[Event "ESP-chT Honor Division 2022"]
[Site "Linares"]
[Date "2022.09.23"]
[Round "7.9"]
[White "Arizmendi Martinez, Julen Luis"]
[Black "Kuzubov, Yuriy"]
[Result "0-1"]
[ECO "B33"]
[WhiteElo "2488"]
[BlackElo "2627"]
[Annotator "TA"]
[PlyCount "92"]
[EventDate "2022.09.17"]
[EventType "team-tourn"]
[EventCountry "ESP"]
[SourceTitle "playchess.com"]
[Source "ChessBase"]
[SourceQuality "1"]
[TimeControl "5400+30"]

1. e4 c5 2. Nf3 Nc6 3. d4 cxd4 4. Nxd4 Nf6 5. Nc3 e5 6. Ndb5 d6 7. Bg5 a6 8. Na3 b5 9. Nd5 Be7 10. Bxf6 Bxf6 11. c3 Bg5 12. Nc2 Rb8 13. a4 bxa4 {[%emt 0:00:15] B33: Sicilian: Pelikan and Sveshnikov Variations.} 14. Ncb4 Nxb4 15. cxb4 O-O {[%emt 0:00:28] The position is equal.} 16. h4 Bh6 17. Rxa4 a5 18. b5 (18. Rxa5 $2 {[#]} Rxb4 $3 19. Ra8 Rxe4+ 20. Be2 Rd4 $17) ({Much weaker is} 18. bxa5 Rxb2 19. Bd3 f5 $17) 18... Bd7 19. Qb3 Kh8 20. Be2 Be6 21. g3 f5 22. exf5 Rxf5 {[%emt 0:00:49] [#] Strongly threatening ...Qd7.} 23. O-O e4 {[%emt 0:16:35] [#]} 24. Rd4 $146 ({Predecessor:} 24. Rd1 Qg8 25. Bc4 Qf7 26. Nc3 Bxc4 27. Qxc4 d5 28. Nxd5 Rxf2 29. Qxe4 Rf8 30. Raa1 Rf3 31. Kg2 Rf2+ 32. Kg1 Rf3 33. Kg2 Rf2+ {½-½ (33) Kriebel,T (2459)-Sebenik,M (2512) Zillertal 2015}) 24... g5 25. h5 Bg7 26. Qd1 Bxd4 27. Qxd4+ Re5 28. Ne3 Qb6 29. Qd2 Kg8 ({Better is} 29... Rc8 $15) 30. Rd1 {[%emt 0:03:02][%mdl 1024] White has compensation.} (30. Rc1 $5 Bd7 31. Bc4+ Kf8 32. h6 $11) 30... Rd8 31. Qc3 {[%emt 0:01:45] aiming for Bc4.} (31. Rc1 $5 ) 31... Rc8 32. Qd2 d5 33. Nc2 (33. h6 $11 {keeps the balance.}) 33... h6 34. Nd4 Bd7 {[%emt 0:00:39] Against Nc6} 35. Qe3 (35. Ra1 $17) 35... Ree8 36. Qb3 Qc5 37. Qe3 Rf8 38. Kg2 Rf7 39. Rd2 Rcf8 40. Bd1 Bxb5 41. Rc2 Qb6 42. Bg4 Bd3 43. Rd2 Rf6 {[%emt 0:00:12] Against Be6+} 44. Be6+ $2 (44. b3) 44... Rxe6 $19 {[%emt 0:00:42] Black is clearly winning.} 45. Nxe6 Qxe6 46. Rxd3 Rf3 {[%emt 0:00:07] Weighted Error Value: White=0.43/Black=0.08 (flawless)} 0-1

[Event "ESP-chT Honor Division 2022"]
[Site "Linares"]
[Date "2022.09.23"]
[Round "7.10"]
[White "Forcen Esteban, Daniel"]
[Black "Macias Pino, Diego"]
[Result "0-1"]
[ECO "A06"]
[WhiteElo "2580"]
[BlackElo "2381"]
[Annotator "TA"]
[PlyCount "82"]
[EventDate "2022.09.17"]
[EventType "team-tourn"]
[EventCountry "ESP"]
[SourceTitle "playchess.com"]
[Source "ChessBase"]
[SourceQuality "1"]
[TimeControl "5400+30"]

1. Nf3 d5 2. g3 c6 3. Bg2 Bg4 4. O-O Nd7 5. h3 Bh5 6. d3 e6 {[%emt 0:02:16] A07: Réti Opening: New York and Capablanca Systems.} 7. e4 Bd6 8. Qe1 Ne7 {[%emt 0:10:28][%cal Bg8e7,Be7g6,Bg6e5][%mdl 32] The position is equal.} 9. Nh4 dxe4 10. dxe4 Ng6 {[%emt 0:01:46] [#]} 11. Nf3 $146 (11. Nxg6 $11 hxg6 12. Be3 (12. g4 $2 Bxg4 13. Qe3 Bxh3 $19)) ({Predecessor:} 11. Nxg6 Bxg6 12. f4 f6 13. Nd2 O-O 14. Nc4 Bc5+ 15. Kh2 Qe7 16. a3 Nb6 17. Na5 {1-0 (70) Petrosian,T (2636)-Hovhannisyan,R (2589) Yerevan 2012}) 11... Bxf3 $17 {[%emt 0:08:03] Black is more active.} 12. Bxf3 h5 $1 13. Qd1 Nf6 ({Better is} 13... Qe7 $17) 14. h4 $1 $11 Ne5 15. Bg5 Qc7 ({But not} 15... Nxf3+ 16. Qxf3 Be7 17. Rd1 $14) 16. Nd2 O-O-O (16... Nfg4 $1 $15 {feels stronger.}) 17. Qe2 Be7 18. Nc4 Nxc4 19. Qxc4 Ng4 {[%emt 0:01:19] And now ...Bxg5 would win.} 20. Bxg4 (20. Bf4 $5 Bd6 21. Bxd6 Qxd6 22. Rad1 $11) 20... hxg4 21. Bf4 Qa5 22. Kg2 Qc5 (22... g5 $15 23. hxg5 Bxg5) 23. Qe2 g5 24. hxg5 Bxg5 25. Qxg4 Bxf4 26. Qxf4 Qxc2 ({Don't play} 26... Qh5 27. Rh1 Qg6 28. Rad1 $16) 27. Rh1 Rhf8 28. b3 Rd4 29. Rae1 (29. Rh4 $11) 29... a6 ({Black should try} 29... Qxa2 $15 30. Ra1 Qd2) 30. Rh7 Rd7 31. Reh1 Qxa2 32. Rh8 Qa3 33. R1h7 Qc5 {[%emt 0:02:19] [#]} (33... b5 $11) 34. Rxf8+ ({White should play} 34. g4 $1 $16) 34... Qxf8 $16 {[%emt 0:00:01][%mdl 4096] Endgame KQR-KQR} 35. Qe5 $1 {[%emt 0:00:58] Strongly threatening Rh8.} Qb4 36. g4 Qxb3 {[%emt 0:00:49] aiming for ...Qd1.} 37. g5 Qb5 38. Qf4 Qc5 39. Kg3 b5 {[%emt 0:01:03] Threatens to win with ...b4.} 40. Kg4 $2 {[%emt 0:00:14][%mdl 8192] [#]} (40. Rh8+ $11 Rd8 41. Rh7) 40... f5+ $1 41. exf5 exf5+ {[%emt 0:00:15] Weighted Error Value: White=0.33/Black=0.14 (very precise)} 0-1

[Event "ESP-chT Honor Division 2022"]
[Site "Linares"]
[Date "2022.09.23"]
[Round "7.11"]
[White "Llobell Cortell, Enrique"]
[Black "Buksa, Nataliya"]
[Result "1/2-1/2"]
[ECO "B31"]
[WhiteElo "2380"]
[BlackElo "2407"]
[Annotator "TA"]
[PlyCount "103"]
[EventDate "2022.09.17"]
[EventType "team-tourn"]
[EventCountry "ESP"]
[SourceTitle "playchess.com"]
[Source "ChessBase"]
[SourceQuality "1"]
[TimeControl "5400+30"]

1. e4 c5 2. Nf3 Nc6 3. Bb5 g6 4. O-O Bg7 5. c3 e5 6. d4 cxd4 7. cxd4 exd4 8. Bf4 a6 9. Ba4 {[%emt 0:01:13][%mdl 1024] White has compensation. B31: Sicilian: 2...Nc6 3 Bb5 g6.} Nge7 {[%emt 0:00:04] 9...Nge7 scores better than 9...b5.} 10. Bd6 b5 11. Bb3 {[%emt 0:03:11] White has an edge.} Bb7 12. Re1 Nc8 13. e5 Nxd6 14. exd6+ Kf8 15. a4 {[%emt 0:05:36] [#]} Bf6 $146 ({Predecessor:} 15... Qf6 16. Nbd2 Qxd6 17. Ne4 Qb4 18. axb5 axb5 19. Rxa8+ Bxa8 20. Neg5 Nd8 21. Nxf7 Bxf3 22. Ne5 Bxe5 23. Qxf3+ Kg7 24. Rxe5 Rf8 25. Qd5 {½-½ (25) Tauscher,K (2465)-Sydlik,J (2353) Remote email 2012}) 16. Nbd2 Kg7 17. Bd5 Na5 ({Black should try} 17... bxa4 $15 18. Ne4 Re8) 18. Bxb7 $11 Nxb7 19. Ne4 {[%emt 0:16:40] [#] axb5 is the strong threat.} Rc8 $1 20. axb5 ({Of course not} 20. Nxd4 bxa4 21. Ra3 (21. Rxa4 Re8 $15) (21. Qxa4 Nc5 $15) 21... Re8 $15) 20... axb5 21. Ra7 Nc5 {[%emt 0:01:43] Strongly threatening ...Nxe4.} 22. Nxf6 ({Avoid the trap} 22. Nxd4 $2 Re8 23. Nxc5 Rxe1+ 24. Qxe1 Rxc5 $17) 22... Qxf6 23. Qxd4 Rhe8 24. Rxe8 Qxd4 25. Nxd4 Rxe8 {[%emt 0:00:01][%cal Re8e1][%mdl 4096] [#] Endgame KRN-KRN} 26. g3 b4 27. Rc7 Re5 28. Nc2 b3 29. Ne3 h5 30. Kf1 Kf6 31. Ke2 (31. Nc4 $11 Rd5 32. Ne3) 31... Ke6 $15 32. Rc8 {[%emt 0:00:50] aiming for f4.} Kxd6 33. Rb8 Re4 34. Kd2 Ra4 35. Kc3 Ra1 36. Rb6+ $1 Ke5 37. Nc4+ Ke4 {[%emt 0:00:43] Threatens to win with ...Na4+.} 38. Kb4 Nd3+ 39. Kxb3 Nxf2 {[%emt 0:00:03] The position is equal.} 40. Nd6+ Kf3 41. Nxf7 Rh1 42. Rxg6 Rxh2 43. Ne5+ Ke4 44. Nxd7 Ng4 45. Nf6+ Kf3 46. Nxg4 hxg4 $11 {[%emt 0:00:07] KR-KR} 47. Kc3 Kxg3 48. b4 Kf4 49. b5 g3 50. b6 Rh1 51. Kc4 Rb1 52. Kc5 {[%emt 0:00:12] Weighted Error Value: White=0.07 (flawless) /Black=0.05 (flawless)} 1/2-1/2

[Event "ESP-chT Honor Division 2022"]
[Site "Linares"]
[Date "2022.09.23"]
[Round "7.12"]
[White "Llorente Zaro, Alfonso"]
[Black "Garcia Martin, Marta"]
[Result "1-0"]
[ECO "A06"]
[WhiteElo "2448"]
[BlackElo "2325"]
[Annotator "TA"]
[PlyCount "79"]
[EventDate "2022.09.17"]
[EventType "team-tourn"]
[EventCountry "ESP"]
[SourceTitle "playchess.com"]
[Source "ChessBase"]
[SourceQuality "1"]
[TimeControl "5400+30"]

1. Nf3 d5 2. g3 Nd7 3. d4 Nb6 4. Bg2 Nf6 5. O-O Bf5 6. Nh4 {[%emt 0:05:01] [#] D02: 1 d4 d5 2 Nf3 sidelines, including 2...Nf6 3 g3 and 2...Nf6 3 Bf4.} Bd7 $146 ({Predecessor:} 6... Bg6 7. Nxg6 hxg6 8. Nd2 c6 9. e4 dxe4 10. Nxe4 Nxe4 11. Bxe4 e6 12. a4 a5 {½-½ (44) Bruzon Batista,L (2639)-Javakhadze,Z (2462) Las Vegas 2021}) 7. Nc3 e6 8. Bg5 {[%emt 0:19:32] White is slightly better.} Be7 9. Nf3 h6 10. Bf4 O-O 11. Ne5 Be8 12. Re1 c5 13. e4 cxd4 14. Qxd4 Rc8 (14... dxe4 $5 15. Be3 Qxd4 16. Bxd4 Bb4 $15) 15. Rad1 Bc5 16. Qd3 Na4 17. Nxa4 ({Don't blunder} 17. exd5 $2 Nxb2 18. Qd2 Nxd1 19. Rxd1 Bb4 20. dxe6 Qxd2 21. Bxd2 fxe6 $19) 17... Bxa4 18. b3 {[%emt 0:05:26] [#]} Qb6 $1 19. Be3 (19. bxa4 Bxf2+ 20. Kf1 (20. Kh1 Bxe1 21. Rxe1 dxe4 $15) 20... Bxe1 21. Rxe1 dxe4 22. Bxe4 Rfd8 $17) 19... Bb5 20. Qd2 Bxe3 21. Rxe3 Rfd8 22. exd5 Nxd5 23. Bxd5 Rxd5 24. Qc1 Rcd8 25. Ree1 Qc7 {[%emt 0:00:31] White must now prevent ...Rxd1.} 26. Ng4 Qc3 27. Rxd5 Rxd5 28. Rd1 ({White should try} 28. a4 $15 Bc6 29. Ne3) 28... Be2 $1 $19 29. Rxd5 exd5 {[%emt 0:00:02][%mdl 4096] Endgame KQB-KQN} 30. Ne3 d4 (30... Bf3 $142 31. Nf1 Be4) 31. Nd5 $17 {[%emt 0:00:22] [#]} Qf3 (31... Qa5 $1 $17 32. Nf4 Bf3) 32. Qd2 Bb5 ({Much weaker is} 32... Qxd5 33. Qxe2 f5 34. Qd3 $11) (32... Qe4 $15) 33. Qxd4 $14 Kh8 $2 {[%emt 0:00:36][%mdl 8192] [#]} (33... Qe2 $14 34. c4 Bc6) 34. c4 $2 (34. Ne7 $1 $18 {and the rest is easy. Qd8+ would kill now.} Be8 35. Qd8) 34... Bc6 $16 35. Qxa7 b5 $2 ({Better is} 35... Qd1+ $14 36. Kg2 Bxd5+ 37. cxd5 Qxd5+ 38. f3 Qd2+ 39. Qf2 Qc3) 36. Qb8+ $2 (36. Qc5 Qd1+ 37. Kg2) 36... Kh7 $18 37. Qf4 (37. Qd6 $18 Ba8 38. Qc5) 37... Qd1+ $16 38. Kg2 {[%emt 0:00:02] And now Qf5+ would win.} bxc4 $2 (38... Qd3 $16) 39. Qf5+ $18 Kh8 40. Qc8+ {[%emt 0:00:05] Weighted Error Value: White=0.61/Black=0.36} 1-0

[Event "ESP-chT Honor Division 2022"]
[Site "Linares"]
[Date "2022.09.23"]
[Round "7.13"]
[White "Cheparinov, Ivan"]
[Black "Harikrishna, Pentala"]
[Result "1/2-1/2"]
[ECO "C84"]
[WhiteElo "2686"]
[BlackElo "2716"]
[Annotator "TA"]
[PlyCount "75"]
[EventDate "2022.09.17"]
[EventType "team-tourn"]
[EventCountry "ESP"]
[SourceTitle "playchess.com"]
[Source "ChessBase"]
[SourceQuality "1"]
[TimeControl "5400+30"]

1. e4 e5 2. Nf3 Nc6 3. Bb5 a6 4. Ba4 Nf6 5. O-O Be7 6. d3 b5 7. Bb3 d6 8. c3 O-O 9. h3 Bb7 10. Re1 h6 11. Nbd2 Re8 12. Nf1 Bf8 13. Ng3 Na5 14. Bc2 c5 15. d4 cxd4 16. cxd4 exd4 {[%emt 0:01:33] C92: Closed Ruy Lopez: 9...Be6, Karpov and Flohr-Zaitsev Variations.} 17. Nxd4 Rc8 18. b3 d5 19. e5 Ne4 20. Bf4 Nc6 21. Nxc6 Bxc6 22. Nf5 (22. Qf3 $5 ) 22... Bd7 23. Bxe4 dxe4 {[%emt 0:00:09] [#]} 24. Ng3 $146 ({Predecessor:} 24. Nd6 Bxd6 25. Qxd6 g5 26. Be3 Rc6 27. Qd5 Qc7 28. Red1 Bc8 29. Rac1 Bb7 30. Rxc6 Bxc6 {½-½ (41) Kraft,D (2477)-Karachurin,S (2490) ICCF email 2015}) 24... Bc6 ({Resist} 24... g5 {[#]} 25. Nxe4 $1 Bg7 26. Bg3 $16) 25. Nxe4 (25. Qg4 {feels hotter.} Bd7 26. Qh5 g6 27. Qd1) 25... Qxd1 {[%emt 0:02:19] The position is equal.} 26. Raxd1 Bxe4 ({Don't do} 26... Bb4 27. Nd6 $16) 27. Rxe4 g5 28. Be3 f5 29. Red4 f4 30. Bd2 Rxe5 31. Kf1 Re6 32. Be1 Kf7 33. a4 bxa4 34. bxa4 Be7 35. g3 fxg3 36. fxg3 Rc2 {[%emt 0:03:24] [#] aiming for ...Rf6+.} 37. R1d2 Rxd2 38. Bxd2 {[%emt 0:00:07] Weighted Error Value: White=0.05 (flawless) /Black=0.04 (flawless)} 1/2-1/2

[Event "ESP-chT Honor Division 2022"]
[Site "Linares"]
[Date "2022.09.23"]
[Round "7.14"]
[White "Gukesh D"]
[Black "Santos Latasa, Jaime"]
[Result "1-0"]
[ECO "D41"]
[WhiteElo "2726"]
[BlackElo "2680"]
[Annotator "TA"]
[PlyCount "129"]
[EventDate "2022.09.17"]
[EventType "team-tourn"]
[EventCountry "ESP"]
[SourceTitle "playchess.com"]
[Source "ChessBase"]
[SourceQuality "1"]
[TimeControl "5400+30"]

1. d4 Nf6 2. c4 e6 3. Nf3 d5 4. Nc3 c5 5. cxd5 cxd4 6. Qxd4 exd5 7. Bg5 Be7 8. e3 O-O {[%emt 0:00:07] The main line 8...0-0 scores better than 8...Nc6. D50: Queen's Gambit Declined: Dutch-Peruvian Gambit.} 9. Rd1 {[%emt 0:01:46] [#]} h6 $146 (9... Be6 $11) ({Predecessor:} 9... Be6 10. Bd3 h6 11. Bh4 Nc6 12. Qa4 Qb6 13. Rd2 Rfd8 14. O-O Rac8 15. Rfd1 Kf8 16. Bb5 {½-½ (65) Mamedyarov,S (2757)-So,W (2771) Saint Louis 2022}) 10. Bxf6 $14 {[%emt 0:05:06] White is much more active.} Bxf6 {[%emt 0:00:17] White is slightly better.} 11. Qxd5 Qb6 12. Qb5 Bxc3+ 13. bxc3 Be6 14. Nd4 Qxb5 15. Nxb5 Rc8 {[%emt 0:00:46] Inhibits Nc7.} 16. Rd2 Nc6 17. Be2 Ne5 18. Rc2 Bf5 19. Rc1 {[%emt 0:00:36] aiming for Nd6.} Nd3+ 20. Bxd3 Bxd3 21. Nd4 Rc5 22. Kd2 Bc4 23. a3 Rac8 24. f3 Kf8 25. e4 b6 26. Kc2 Bb5 27. Kb3 Bd7 28. Rhd1 Ke8 29. Rd3 Rc4 30. Kb2 R4c5 31. Rcd1 R8c7 32. Re3 h5 33. g3 g6 34. Nb3 R5c6 35. Rd5 Ke7 36. Nd4 (36. h4 $16) 36... Rc5 $11 37. Nb3 R5c6 (37... Rxd5 $11 {remains equal.} 38. exd5+ Kd6) 38. f4 Rc4 39. f5 R4c6 40. h3 Bc8 (40... Rd6 $14) 41. g4 hxg4 42. hxg4 Ba6 (42... Rd6 $16) 43. g5 $18 ({Don't do} 43. Nd4 Rc5 $16) 43... Rd6 44. f6+ Kd7 45. Rxd6+ Kxd6 {[%emt 0:00:05][%mdl 4096] Endgame KRB-KRN} 46. e5+ $1 Kd5 47. e6 $1 fxe6 48. Nd4 $1 e5 {[%emt 0:03:36] [#]} 49. Nf3 ({Only move:} 49. Nf5 $1 $18 {[%cal Rf5e7][%mdl 512] Threatens to win with Ne7+.} Bb5 (49... gxf5 50. g6) 50. Ne7+ Rxe7 51. fxe7) 49... e4 $11 50. Nh4 Rh7 $1 51. Nxg6 {[%emt 0:00:51] Strongly threatening Ne7+.} Rh2+ 52. Kc1 Rf2 53. Nh8 {[%emt 0:02:16] And now f7 would win.} Bc4 54. f7 Rf1+ 55. Kd2 {[%emt 0:00:01][%cal Oe3e2] Black must now prevent Re2!} Rf2+ 56. Ke1 Rf1+ 57. Kd2 Rf2+ 58. Kd1 Rf1+ 59. Re1 {[%emt 0:00:57] White threatens Rxf1 and mate.} e3 $1 {[%emt 0:00:03] Hoping for ...Ke4.} 60. Kc2 e2 (60... Rf2+ $11 61. Kc1 Ke4) 61. Kd2 $18 (61. g6 {is a self mate.} Rxe1 62. f8=Q {[#]} Rc1+ $3 63. Kxc1 e1=Q+ 64. Kc2 Qe2+ 65. Kc1 Qe3+ 66. Kc2 Qd3+ 67. Kc1 Qxc3+ 68. Kd1 Qd3+ 69. Kc1 Qe3+ 70. Kc2 Bd3+ 71. Kc3 Bxg6+ 72. Kb4 Qe4+ 73. Kb3 Qc2+ 74. Kb4 Qc4#) 61... Ke6 62. Rxe2+ ({Inferior is} 62. g6 Rxe1 63. Kxe1 Ke7 $11) 62... Bxe2 63. Kxe2 {[%emt 0:01:06] White mates.} Rf5 64. g6 Ke7 65. g7 {[%emt 0:00:07] Weighted Error Value: White=0.09 (flawless) /Black=0.22 (precise)} 1-0

[Event "ESP-chT Honor Division 2022"]
[Site "Linares"]
[Date "2022.09.23"]
[Round "7.15"]
[White "Pichot, Alan"]
[Black "Santos Ruiz, Miguel"]
[Result "1/2-1/2"]
[ECO "C65"]
[WhiteElo "2641"]
[BlackElo "2581"]
[Annotator "TA"]
[PlyCount "60"]
[EventDate "2022.09.17"]
[EventType "team-tourn"]
[EventCountry "ESP"]
[SourceTitle "playchess.com"]
[Source "ChessBase"]
[SourceQuality "1"]
[TimeControl "5400+30"]

1. e4 e5 2. Nf3 Nc6 3. Bb5 Nf6 4. d3 Bc5 5. Bxc6 dxc6 6. O-O {[%emt 0:00:10] C65: Ruy Lopez: Berlin Defence (3...Nf6), unusual lines and 4 0-0 Bc5.} Nd7 7. c3 O-O 8. d4 Bd6 9. Bg5 f6 {[%emt 0:00:16] 9...f6 is better than 9...Qe8.} 10. Bh4 Qe8 11. Nbd2 Qf7 12. Bg3 Re8 13. Qc2 a5 14. b3 exd4 {[%emt 0:07:12] [#]} (14... a4 {is more complex.} 15. Rfb1 b6 16. Nc4 Ba6) 15. Bxd6 $146 (15. cxd4 {is interesting.} Nb6 16. Bxd6 cxd6 17. a4) ({Predecessor:} 15. cxd4 Bxg3 16. hxg3 Nb6 17. a4 Bg4 18. Rfe1 h6 19. Re3 Re7 20. Rae1 Rae8 21. Qc3 {0-1 (32) Giri,A (2776)-So,W (2770) chess24.com INT 2021}) 15... dxc3 16. Bxc7 cxd2 17. Nxd2 Nf8 18. Bb6 Be6 19. f4 Nd7 20. Be3 Qe7 21. a3 {[%emt 0:11:30] [#]} Bd5 $1 22. Rad1 (22. Rfd1 c5) 22... Bxe4 (22... Nf8 {seems wilder.} 23. Bc5 Bxe4 24. Qc4+ Bd5) 23. Qxe4 {[%emt 0:00:29] The position is equal.} Qxe4 24. Nxe4 Rxe4 25. Rxd7 {[%emt 0:00:06] [#] Bb6 is the strong threat.} Rxe3 26. Rxb7 $15 {[%emt 0:00:07] KRR-KRR} Rd8 {[%emt 0:06:03] Against Rd1} 27. Rf3 Rxf3 28. gxf3 Rd3 29. Kg2 a4 30. bxa4 Rxa3 {[%emt 0:00:04] A balanced but interesting game.  Weighted Error Value: White=0.04 (flawless) /Black=0.03 (flawless)} 1/2-1/2

[Event "ESP-chT Honor Division 2022"]
[Site "Linares"]
[Date "2022.09.23"]
[Round "7.16"]
[White "Muzychuk, Anna"]
[Black "Perez Candelario, Manuel"]
[Result "1-0"]
[ECO "B40"]
[WhiteElo "2526"]
[BlackElo "2566"]
[Annotator "TA"]
[PlyCount "77"]
[EventDate "2022.09.17"]
[EventType "team-tourn"]
[EventCountry "ESP"]
[SourceTitle "playchess.com"]
[Source "ChessBase"]
[SourceQuality "1"]
[TimeControl "5400+30"]

1. e4 c5 2. Nf3 e6 3. d4 cxd4 4. Nxd4 Nf6 5. Nc3 Nc6 6. Ndb5 Bb4 7. a3 Bxc3+ 8. Nxc3 d5 9. exd5 exd5 10. Bd3 O-O 11. O-O d4 12. Ne2 Bg4 13. f3 {[%emt 0:09:14] 13.Bg5 is the hot move.} Bh5 $1 14. Nf4 {[%emt 0:04:49] B45: Sicilian Four Knights.} Bg6 15. Nxg6 hxg6 16. f4 {[%emt 0:02:26] The position is equal.} Qb6 17. b4 Ne7 18. Qf3 Nf5 19. Bd2 Rac8 20. Rae1 {[%emt 0:10:00] [#] Prevents Ne3.} Rfd8 $146 ({Predecessor:} 20... Qc6 21. Re5 Qxf3 22. Rxf3 Rfe8 23. Rxe8+ Rxe8 24. Bxf5 gxf5 25. Rd3 Rc8 26. c3 dxc3 27. Bxc3 {½-½ (36) Aagaard,J (2431)-Khenkin,I (2587) Stockholm 2004}) 21. g4 Ne3 22. Bxe3 dxe3 23. g5 $1 Nh5 (23... e2+ 24. Rf2 Nd5 25. Rexe2 $16) (23... Nd5 $14) 24. Qxe3 Rd4 {[%emt 0:00:09] [#]} 25. f5 $1 Nf4 26. fxg6 fxg6 27. Be4 Nd5 {[%emt 0:09:18] Loses the game.} (27... Rxe4 $16 28. Qxb6 Ne2+ 29. Rxe2 Rg4+ 30. Rg2 Rxg2+ 31. Kxg2 axb6) 28. Qf2 $18 Nc3 29. Bd3 {[%emt 0:00:21] Threatens to win with Qf7+.} ({Resist} 29. Bg2 Rg4 30. Kh1 (30. Re3 Nd5 $14) 30... Qxf2 31. Rxf2 Rxg5 32. Bxb7 Rb8 $18) ({But not} 29. Qf7+ $2 Kh8 30. Qxb7 {[#]} Nxe4 $1 31. Qxb6 axb6 $19) 29... Rg4+ 30. Kh1 {[%emt 0:00:00] Black must now prevent Qf7+.} Qc6+ 31. Qf3 {[%emt 0:00:01] Dancing on a razor blade.} Rxg5 32. Qxc6 bxc6 33. Re7 Nd5 34. Rxa7 Nf6 35. a4 Rd8 (35... Rg4 {was worth a try.} 36. b5 cxb5 37. axb5 Rb4) 36. b5 cxb5 37. axb5 {[%emt 0:00:02] Strongly threatening b6.} Rd4 $2 (37... Rxd3 {is a better chance.} 38. cxd3 Rxb5) 38. Raa1 $2 (38. b6) 38... Nd5 $2 (38... Rxd3 39. cxd3 Rxb5) 39. Ra8+ {[%emt 0:00:18] Weighted Error Value: White=0.32/Black=0.40} 1-0

[Event "ESP-chT Honor Division 2022"]
[Site "Linares"]
[Date "2022.09.23"]
[Round "7.17"]
[White "Stefanova, Antoaneta"]
[Black "Korneev, Oleg"]
[Result "0-1"]
[ECO "D10"]
[WhiteElo "2472"]
[BlackElo "2460"]
[Annotator "TA"]
[PlyCount "94"]
[EventDate "2022.09.17"]
[EventType "team-tourn"]
[EventCountry "ESP"]
[SourceTitle "playchess.com"]
[Source "ChessBase"]
[SourceQuality "1"]
[TimeControl "5400+30"]

1. d4 d5 2. c4 c6 3. cxd5 cxd5 4. Bf4 Nc6 5. e3 Nf6 6. Nc3 a6 7. Bd3 Bg4 8. Nge2 e6 9. Rc1 Bd6 10. f3 Bh5 11. O-O O-O 12. Bxd6 Qxd6 13. Nf4 {[%emt 0:00:43] D10: Slav Defence: 3 cxd5 (without early Nf3) and 3 Nc3.} Bg6 14. Bxg6 hxg6 15. Nd3 {[%emt 0:01:16] The position is equal.} e5 16. dxe5 Nxe5 17. Nxe5 Qxe5 18. Qd4 Qe6 {[%emt 0:03:42] [#]} 19. Na4 $146 ({Predecessor:} 19. Rfe1 Rac8 20. Ne2 Rfe8 21. Rxc8 Rxc8 22. Rc1 Rxc1+ 23. Nxc1 Qc6 24. Qd2 Qc4 25. a3 {½-½ (62) Cramling,P (2507)-Goryachkina,A (2423) Khanty-Mansiysk 2014}) 19... Rac8 20. Nc5 Qe7 21. Rc3 Rc6 22. Rfc1 Rfc8 23. Kf2 a5 24. Nd3 Rxc3 25. Rxc3 Rxc3 26. Qxc3 $14 {[%emt 0:00:08][%mdl 4096] Endgame KQN-KQN} ({And not} 26. bxc3 Qa3 27. Kg3 Qxa2 $17) 26... Qd8 27. h4 Nd7 28. g3 Nf8 29. Qb3 Qd7 30. Nf4 d4 31. e4 Ne6 32. Nxe6 fxe6 $11 {[%emt 0:00:05][%cal Bf7e6,Be6e5][%mdl 32] KQ-KQ} 33. Ke2 Kh8 34. f4 Qc7 35. Kd3 e5 $1 36. Qc4 Qd6 37. Qf7 Qa6+ 38. Kd2 {[%emt 0:00:22] Threatens to win with Qe8+.} Qb5 {[%emt 0:00:51] Against Qe8+} 39. Qb3 Qf1 40. fxe5 Qf2+ 41. Kd3 Qe3+ (41... b5 {keeps more tension.} 42. e6 a4 43. Qa3 Qe3+) 42. Kc2 $1 {[%emt 0:00:31] And now Qxe3 would win.} Qxe4+ 43. Qd3 (43. Kd2 $1 $15) 43... Qxe5 $17 44. Qxg6 $2 {[%emt 0:00:44][%mdl 8192] [#] Loses the game.} (44. a4 $17) 44... Qe2+ 45. Kb3 d3 (45... b5 $142 46. Qe8+ Qxe8 47. a3 Qe2 48. Ka2 d3 49. Kb1 d2 50. g4 d1=Q+ 51. Ka2 Qe6+ 52. b3 Qexb3#) 46. g4 Qc2+ $1 47. Ka3 Qc5+ {[%emt 0:00:02] Weighted Error Value: White=0.46/Black=0.19 (very precise)} 0-1